AoeStats
← NDF

Arabia

509484932Analyzed
2v2 RM · 4d ago on Sep 26, 2026· 31m 0s· 4 players
Game mode
Random Map
Map size
Medium (4 player)
Population
200
Speed
Normal
Resources
Standard
Victory
Conquest
Starting age
Dark Age
Ending age
Imperial Age
RankedLock teamsTeams togetherTeam positionsShared explorationLock speedFull tech treeHidden civsTurbo modeCheats
Victory
Defeat
🇵🇪 Spanish · Peru
754
+14
🇵🇪 Malians · Peru
753
+14
🇦🇷 Teutons · Argentina
713
-14
🇦🇷 Spanish · Argentina
699
-14
TE LA ENTIERRO
7:15 Loom
10:50 Feudal Age
18:54 Castle Age
22:59 Wheelbarrow
el ronpe culos
11:32 Feudal Age
14:44 Double-Bit Axe
19:31 Castle Age
NDF
3:04 Loom
14:18 Feudal Age
15:14 Man-at-Arms
20:58 Castle Age
19:08 Horse Collar
20:39 Bloodlines
20:48 Double-Bit Axe
26:33 Arson
26:49 Squires
26:09 Pikeman
27:55 Forging
estebanpa
5:28 Loom
11:44 Feudal Age
17:08 Castle Age
15:05 Double-Bit Axe
15:05 Horse Collar
15:18 Gold Mining
17:06 Scale Mail Armor
17:57 Forging
18:06 Heavy Plow
18:38 Bow Saw
19:43 Squires
21:00 Arson
23:33 Stone Mining
25:57 Stone Shaft Mining
25:51 Pikeman
28:45 Town Watch
29:53 Scale Barding Armor
Connection lost

Rejoining the realm…

Still unreachable

The connection could not be restored.

Session expired

The server has moved on; the page needs a fresh start.